 Dungeon Crawl Stone Soup version 0.21-a0-538-gd16b88a (webtiles) character file.

1037 slep the Ducker (level 8, -11/62 HPs)
             Began as a Merfolk Gladiator on Dec 16, 2017.
             Mangled by a hornet (13 damage)
             ... while paralysed by a hornet
             ... on level 6 of the Dungeon.
             The game lasted 00:15:18 (3294 turns).

slep the Ducker (Merfolk Gladiator)                 Turns: 3294, Time: 00:15:20

Health: -11/62     AC: 10    Str: 15    XL:     8   Next: 24%
Magic:  6/6        EV:  2    Int:  8    God:
Gold:   213        SH:  0    Dex: 18    Spells: 7/7 levels left

rFire    . . .     SeeInvis .   a - +0 war axe
rCold    + . .     Gourm    .   (no shield)
rNeg     . . .     Faith    .   s - +2 ring mail {rC+}
rPois    .         Spirit   .   c - +0 helmet
rElec    .         Reflect  .   (no cloak)
rCorr    .         Harm     .   (no gloves)
MR       .....                  F - +0 pair of boots
Stlth    ++........             (no amulet)
HPRegen  0.20/turn              (no ring)
MPRegen  0.10/turn              (no ring)

@: paralysed, lethally poisoned (-11 -> -22), slowed
A: change form in water, swift swim, stealthy swim, rugged brown scales 1, thin
skeletal structure 1, low mp 2
a: no special abilities


You were on level 6 of the Dungeon.
You were not hungry.

You visited 1 branch of the dungeon, and saw 6 of its levels.
You also visited: Sewer.

You collected 213 gold pieces.

Inventory:

Hand Weapons
 a - a +0 war axe (weapon)
Missiles
 d - a throwing net (quivered)
 y - a javelin
 C - 4 tomahawks
Armour
 b - a +0 leather armour
 c - a +0 helmet (worn)
 n - a +1 robe of magic resistance
 s - a +2 ring mail of cold resistance (worn)
 F - a +0 pair of boots (worn)
Wands
 q - a wand of iceblast (11)
 u - a wand of digging (15)
Scrolls
 e - 6 scrolls of identify {unknown}
 g - 3 scrolls of enchant weapon {unknown}
 h - a scroll of magic mapping {unknown}
 i - a scroll of random uselessness {unknown}
 j - 2 scrolls of remove curse {unknown}
 l - 3 scrolls of blinking {unknown}
 m - 5 scrolls of teleportation {unknown}
 o - a scroll of amnesia {unknown}
 G - 2 scrolls of fear {unknown}
Potions
 p - a potion of lignification
 r - a potion of cancellation {unknown}
 t - a potion of brilliance {unknown}
 w - a potion of degeneration {unknown}
 x - a potion of berserk rage
 A - 2 potions of curing {unknown}
 B - a potion of ambrosia {unknown}
 D - 2 potions of heal wounds {unknown}
Books
 E - a book of Maledictions

   Spells                             Type                      Level
   a - Corona                         Hexes                        1
   b - Ensorcelled Hibernation        Hexes/Ice                    2
   c - Confuse                        Hexes                        3
   d - Tukima's Dance                 Hexes                        3
   e - Dazzling Spray                 Conjuration/Hexes            3
Miscellaneous
 z - a lamp of fire
Comestibles
 f - 2 bread rations
 k - 3 meat rations
 v - 6 fruits
 H - 6 chunks of flesh


   Skills:
 + Level 4.3 Fighting
 + Level 6.4 Axes
 + Level 2.0 Throwing
 + Level 1.9 Armour
 + Level 6.4 Dodging
 + Level 0.8 Stealth


You had 7 spell levels left.
You didn't know any spells.

Dungeon Overview and Level Annotations

Branches:
Dungeon (6/15)
 Temple: D:4-7

Altars:

Annotations:
D:5 slep's ghost, amateur DsGl


Innate Abilities, Weirdness & Mutations

You revert to your normal form in water.
You are very nimble and swift while swimming.
You are very stealthy in the water. (Stealth+)
You are partially covered in rugged brown scales. (AC +1, +3% HP)
You have a somewhat thin skeletal structure. (Dex +2, Stealth)
Your magical capacity is very low. (-20% MP)


Message History

You catch the helpless hornet completely off-guard!
You hit the hornet.
The hornet is moderately wounded.
* * * LOW HITPOINT WARNING * * *
You feel very sick.
The hornet struggles against the net.
The net rips apart, and the hornet comes free!
The hornet barely misses you. The hornet stings you.
* * * LOW HITPOINT WARNING * * *
You feel as though you will be slow longer.
Throwing (i - inventory. (,) - cycle):
d - 2 throwing nets (quivered)
Press: ? - help, Shift-Dir - straight line, f/p - hornet
Aim: a hornet (moderately wounded)
You throw a throwing net.
The throwing net barely misses the hornet.
* * * LOW HITPOINT WARNING * * *
You feel sick. The hornet stings you!
* * * LOW HITPOINT WARNING * * *
You suddenly lose the ability to move!
The hornet stings you!
You die...

...##.....+
#........######
######)........
..#.)######
#.#.)# #.#))#
#.#.^#
#.#..#######.###
#.#..#..@y(....(
#....#.#####(###
####.#.#
#.#.####..
#.........<
###.####.#. ..#
###


You could see a hornet.

Vanquished Creatures
  A centaur (D:6)
  2 bullfrogs (Sewer)
  The ghost of SFR the Skirmisher, a weakling DgWn (D:4)
  2 crimson imps (D:5)
  4 orc priests
  A hound (D:5)
  8 orc wizards
  An iguana (D:5)
  Natasha (thrice) (D:2)
  3 worker ants
  5 adders
  An ooze (D:2)
  A worm (D:4)
  A dart slug (D:1)
  5 leopard geckos
  18 orcs
  4 ball pythons
  13 giant cockroaches
  6 hobgoblins
  10 jackals
  5 kobolds
  A quokka (D:3)
  5 bats
  11 frilled lizards
  7 goblins
  A jackal skeleton (D:6)
  9 rats
129 creatures vanquished.

Notes
Turn   | Place    | Note
-------+----------+-------------------------------------------
     0 | D:1      | slep the Merfolk Gladiator began the quest for the Orb.
     0 | D:1      | Reached XP level 1. HP: 16/16 MP: 1/1
    77 | D:1      | Reached XP level 2. HP: 16/22 MP: 2/2
   253 | D:1      | Reached XP level 3. HP: 16/28 MP: 3/3
   747 | D:2      | Reached skill level 5 in Dodging
  1004 | D:3      | Reached XP level 4. HP: 31/34 MP: 4/4
  1215 | D:3      | Found a glowing drain.
  1222 | Sewer    | Entered a sewer
  1272 | Sewer    | Noticed a bullfrog
  1273 | Sewer    | Noticed a bullfrog
  1279 | Sewer    | Killed a bullfrog
  1279 | Sewer    | Reached skill level 1 in Armour
  1279 | Sewer    | Reached XP level 5. HP: 29/39 MP: 5/5
  1372 | Sewer    | Reached XP level 6. HP: 20/47 MP: 6/6
  1564 | D:2      | Noticed Natasha
  1572 | D:2      | Killed Natasha
  1598 | D:2      | Noticed Natasha
  1604 | D:2      | Killed Natasha
  1712 | D:2      | Noticed Natasha
  1728 | D:2      | Killed Natasha
  1887 | D:4      | Noticed SFR's ghost (weakling DgWn)
  1888 | D:4      | Gained mutation: Your magical capacity is low. (-10% MP) [potion of mutation]
  1888 | D:4      | Gained mutation: Your magical capacity is very low. (-20% MP) [potion of mutation]
  1888 | D:4      | Gained mutation: You have a somewhat thin skeletal structure. (Dex +2, Stealth) [potion of mutation]
  1888 | D:4      | Gained mutation: You are partially covered in rugged brown scales. (AC +1, +3% HP) [potion of mutation]
  1899 | D:4      | Killed SFR's ghost
  1940 | D:4      | Reached XP level 7. HP: 41/53 MP: 5/5
  2064 | D:4      | Reached skill level 5 in Axes
  2067 | D:4      | HP: 2/54 [orc/dagger (2)]
  2584 | D:5      | Entered Level 5 of the Dungeon
  2859 | D:5      | Noticed slep's ghost (amateur DsGl)
  2979 | D:6      | Reached XP level 8. HP: 51/61 MP: 6/6
  3285 | D:6      | Noticed a hornet
  3294 | D:6      | HP: 2/62 [hornet (8)]
  3294 | D:6      | Paralysed by a hornet for 2 turns
  3294 | D:6      | Mangled by a hornet

Vault maps used:
D:1:      dpeg_arrival_tiny_a
D:2:      kennysheep_generic_room_10, uniq_natasha
D:3:      first_bread, portal_sewer_entry_e
D:5:      uniq_duvessa
D:6:      uniq_prince_ribbit1, uniq_blork_the_orc
Sewer:    sewer_frog_island_01

Skill      XL: |  1  2  3  4  5  6  7  8 |
---------------+-------------------------+-----
Axes           | 3 4 5 6 |  6.4
Dodging        | 5 6 |  6.4
Armour         | 1 |  1.9
Fighting       | 3 4 |  4.3
Throwing       | |  2.0
Stealth        | |  0.8

Action                   |  1- 3 |  4- 6 |  7- 9 || total
-------------------------+-------+-------+-------++-------
Melee: War axe           |   126 |   185 |   123 ||   434
       Tailslap          |       |     2 |       ||     2
Throw: Throwing net      |       |       |     2 ||     2
       Javelin           |       |       |     1 ||     1
  Use: Potion            |       |     3 |       ||     3
 Stab: Held in net/web   |       |       |     1 ||     1
       Sleeping          |       |       |     1 ||     1
  Eat: Chunk             |       |     3 |     6 ||     9
Armor: Leather armour    |    24 |       |       ||    24
       Ring mail         |     3 |    74 |    65 ||   142
       Skin              |       |    15 |       ||    15
Dodge: Dodged            |   133 |   174 |   134 ||   441

Table legend:
 A = Spawn XP
 B = Non-spawn XP
 C = Spawn XP percentage of total XP
 D = Spawn monster count
 E = Non-spawn monster count
 F = Spawn count percentage of total count
 G = Total turns spent on level
                    A         B        C        D         E        F      G
               +---------+---------+-------+---------+---------+-------+---------
         Total |       0 |    1482 |   0.0 |       0 |     129 |   0.0 |  3294
               +---------+---------+-------+---------+---------+-------+---------
           D:1 |       0 |      37 |   0.0 |       0 |      19 |   0.0 |   526
           D:2 |       0 |     175 |   0.0 |       0 |      27 |   0.0 |   567
           D:3 |       0 |      26 |   0.0 |       0 |      16 |   0.0 |   492
           D:4 |       0 |     424 |   0.0 |       0 |      27 |   0.0 |   727
           D:5 |       0 |     181 |   0.0 |       0 |       5 |   0.0 |   286
           D:6 |       0 |     411 |   0.0 |       0 |      17 |   0.0 |   424
         Sewer |       0 |     228 |   0.0 |       0 |      18 |   0.0 |   272
               +---------+---------+-------+---------+---------+-------+---------
